AoeStats
← Pwncakes

Nomad

508906709Analyzed
2v2 RM · 7d ago on Sep 24, 2026· 56m 30s· 4 players
Game mode
Random Map
Map size
176×176
Population
200
Speed
Normal
Resources
Standard
Victory
Conquest
Starting age
Dark Age
Ending age
Imperial Age
RankedLock teamsTeams togetherTeam positionsShared explorationLock speedFull tech treeHidden civsTurbo modeCheats
Victory
Defeat
🇵🇪 Gurjaras · Peru
1453
+15
🇺🇸 Dravidians · United States
1416
+17
🇵🇰 Bulgarians · Pakistan
1425
-16
🇺🇸 Berbers · United States
1425
-16
Pwncakes
5:10 Loom
15:05 Feudal Age
15:43 Fishing Lines
16:03 Gold Mining
16:03 Double-Bit Axe
19:05 Gold Mining
24:51 Castle Age
23:06 Scale Mail Armor
22:29 Man-at-Arms
23:21 Forging
25:10 Pikeman
25:11 Long Swordsman
25:37 Gambesons
25:52 Squires
26:09 Chain Mail Armor
26:29 Iron Casting
26:06 Long Swordsman
26:47 Squires
26:32 Gambesons
26:34 Arson
29:56 Bow Saw
33:26 Imperial Age
33:34 Imperial Age
31:42 Wheelbarrow
30:39 Crossbowman
32:08 Masonry
32:51 Stone Mining
34:52 Iron Casting
34:13 Two-Handed Swordsman
35:24 Plate Mail Armor
36:41 Blast Furnace
36:04 Gillnets
37:51 Halberdier
40:41 Ballistics
41:22 Fletching
43:21 Conscription
42:46 Horse Collar
45:11 Bodkin Arrow
45:02 Heavy Scorpion
47:07 Chemistry
49:29 Bracer
53:35 Hand Cart
Maech_
4:55 Loom
13:11 Feudal Age
17:43 Castle Age
16:25 Forging
17:20 Double-Bit Axe
18:41 Medium Warships
18:29 Fishing Lines
19:34 Iron Casting
19:13 Town Watch
21:53 Clinker Construction
23:06 Careening
24:17 Wheelbarrow
29:10 Horse Collar
31:14 Scale Barding Armor
35:12 Imperial Age
32:28 Treadmill Crane
32:53 Scale Mail Armor
34:02 Chain Barding Armor
34:06 Bloodlines
34:21 Gold Mining
35:00 Husbandry
35:44 Gold Shaft Mining
35:20 Heavy Plow
35:55 Kshatriyas
36:19 Conscription
36:24 Ballistics
36:21 Heavy Camel Rider
37:55 Light Cavalry
38:41 Elite Chakram Thrower
40:06 Scale Mail Armor
40:41 Plate Barding Armor
39:46 Hussar
42:13 Chemistry
43:11 Masonry
43:02 Arson
43:38 Chain Mail Armor
45:09 Architecture
45:21 Stone Mining
45:54 Frontier Guards
46:16 Elite Shrivamsha Rider
48:22 Plate Mail Armor
Basil The Macedonian
3:46 Loom
16:11 Feudal Age
19:45 Fletching
19:54 Town Watch
21:22 Scale Mail Armor
23:27 Castle Age
22:11 Scale Mail Armor
23:26 Scale Barding Armor
23:27 Fishing Lines
24:02 Forging
24:05 Bloodlines
30:57 Fishing Lines
31:47 Gambesons
32:10 Squires
32:47 Horse Collar
37:09 Double-Bit Axe
38:59 Wheelbarrow
38:25 Town Patrol
38:35 Heavy Plow
38:47 Bow Saw
41:45 Imperial Age
39:17 Scale Mail Armor
39:27 Forging
40:00 Chain Mail Armor
41:10 Chain Barding Armor
41:25 Iron Casting
41:12 Husbandry
42:01 Hand Cart
42:06 Husbandry
41:49 Cavalier
43:05 Plate Barding Armor
43:30 Blast Furnace
42:31 Stirrups
43:01 Conscription
42:47 Pikeman
44:36 Plate Mail Armor
44:14 Halberdier
45:16 Cavalier
47:09 Light Cavalry
54:17 Town Patrol
superzaiyen
5:23 Loom
13:54 Feudal Age
15:26 Fishing Lines
16:16 Fletching
18:58 Castle Age
18:21 Gold Mining
18:22 Stone Mining
18:35 Double-Bit Axe
19:41 Bodkin Arrow
20:27 Medium Warships
20:34 Bow Saw
22:49 Wheelbarrow
23:09 Clinker Construction
23:21 Gillnets
25:11 Ballistics
34:08 Imperial Age
32:29 Careening
33:33 Padded Archer Armor
33:48 Bloodlines
33:38 Husbandry
34:01 Horse Collar
34:48 Bracer
35:52 Chemistry
35:28 Dry Dock
36:23 Carvel Hull
38:09 Leather Archer Armor
39:04 Conscription
40:04 Gold Shaft Mining
39:30 Elite Camel Archer
40:28 Light Cavalry
41:58 Ring Archer Armor
41:34 Scale Barding Armor
41:40 Forging
42:05 Hussar
46:05 Maghrebi Camels
47:38 Thumb Ring
52:33 Hoardings
52:53 Iron Casting
52:39 Chain Barding Armor
Connection lost

Rejoining the realm…

Still unreachable

The connection could not be restored.

Session expired

The server has moved on; the page needs a fresh start.